 Dungeon Crawl Stone Soup version 0.26.1-2-gb8aa6d0cf2 (webtiles) character file.

Game seed: 1756166768697932807

1059 promet the Gusty (level 8, -5/58 HPs)
             Began as a Gnoll Air Elementalist on Mar 21, 2021.
             Was an Initiate of Nemelex Xobeh.
             Killed from afar by Maggie (23 damage)
             ... with a bolt of fire
             ... on level 6 of the Dungeon.
             The game lasted 00:40:40 (6772 turns).

promet the Gusty (Gnoll Air Elementalist)           Turns: 6772, Time: 00:40:41

Health: -5/58      AC:  4    Str: 11    XL:     8   Next: 27%
Magic:  1/16       EV: 16    Int: 19    God:    Nemelex Xobeh [......]
Gold:   195        SH:  0    Dex: 16    Spells: 8/18 levels left

rFire    . . .     SeeInvis .   a - +3 dagger (speed)
rCold    . . .     Faith    .   (no shield)
rNeg     . . .     Spirit   .   r - +0 robe
rPois    .         Reflect  .   (no helmet)
rElec    .         Harm     .   (no cloak)
rCorr    .         Rampage  .   n - +1 pair of gloves
Will     .....                  (no boots)
Stlth    +++.......             k - amulet of regeneration
HPRegen  0.59/turn              (no ring)
MPRegen  0.15/turn              (no ring)

@: swift (expiring), mesmerised, very slightly contaminated, hasted, very quick
A: distributed training, fangs 1, blurry vision 1, strong nose
a: Renounce Religion, Draw Escape, Draw Destruction, Draw Summoning


You were on level 6 of the Dungeon.
You worshipped Nemelex Xobeh.
Nemelex Xobeh was noncommittal.
You visited 2 branches of the dungeon, and saw 7 of its levels.

You collected 291 gold pieces.
You spent 96 gold pieces at shops.

Inventory:

Hand Weapons
 a - a +3 dagger of speed (weapon)
 b - a +0 shortbow
 d - a +0 dagger
 e - a +5 mace
 g - a +0 mace
 q - a +0 hunting sling
 u - a +0 hunting sling
 w - a +1 short sword
Missiles
 c - 89 arrows
 f - 178 stones
 j - 64 bolts
 p - 38 sling bullets
 t - 29 poisoned darts (quivered)
Armour
 n - a +1 pair of gloves (worn)
 r - a +0 robe (worn)
Magical Staves
 C - an uncursed staff of poison
Jewellery
 k - an amulet of regeneration (around neck)
 m - an uncursed amulet of guardian spirit {unknown}
 s - an uncursed amulet of reflection {unknown}
 y - an uncursed ring of willpower {unknown}
 z - an uncursed ring of flight {unknown}
 D - an uncursed ring of resist corrosion {unknown}
Scrolls
 h - 2 scrolls of identify
 i - a scroll of teleportation
 l - 4 scrolls of magic mapping
 v - 2 scrolls of blinking
 x - 2 scrolls of amnesia
Potions
 o - a potion of flight
 F - a potion of resistance


   Skills:
 + Level 3.1 Fighting
 + Level 3.1 Short Blades
 + Level 3.1 Long Blades
 + Level 3.1 Axes
 + Level 3.1 Maces & Flails
 + Level 3.1 Polearms
 + Level 3.1 Staves
 + Level 3.1 Slings
 + Level 3.1 Bows
 + Level 3.1 Crossbows
 + Level 3.1 Throwing
 + Level 3.1 Armour
 + Level 5.6 Dodging
 + Level 5.2 Stealth
 + Level 3.1 Shields
 + Level 3.1 Unarmed Combat
 + Level 5.9 Spellcasting
 + Level 3.3 Conjurations
 + Level 2.5 Hexes
 + Level 2.5 Summonings
 + Level 2.5 Necromancy
 + Level 2.5 Translocations
 + Level 2.5 Transmutations
 + Level 2.5 Fire Magic
 + Level 2.5 Ice Magic
 + Level 6.0 Air Magic
 + Level 2.5 Earth Magic
 + Level 2.5 Poison Magic
 + Level 3.4 Invocations
 + Level 3.1 Evocations


You had 8 spell levels left.
You knew the following spells:

 Your Spells              Type           Power        Failure   Level
a - Shock                 Conj/Air       92%          1%          1
b - Swiftness             Air            28%          1%          2
c - Static Discharge      Conj/Air       23%          4%          3
d - Airstrike             Air            14%          9%          4

Your spell library contained the following spells:

 Spells                   Type           Power        Failure   Level
 Lightning Bolt           Conj/Air       11%          41%         5


Dungeon Overview and Level Annotations

Branches:
Dungeon (6/15)             Temple (1/1) D:5

Altars:
Gozag
Hepliaklqana
Makhleb
Nemelex Xobeh
Okawaru
Ru
Uskayaw
Yredelemnul
Zin
The Shining One

Shops:
D:4 *

Annotations:
D:1 Robin
D:5 2 runed translucent doors, axecop's ghost, weakling NaDe
D:6 Maggie


Innate Abilities, Weirdness & Mutations

Your experience applies equally to all skills.
You have very sharp teeth.
Your uncanny sense of smell can sniff out nearby items.
Scrolls take you a little longer to read.


Message History

You don't know that spell.
You closely miss Maggie.
Maggie is almost dead.
You hit Maggie but do no damage. You bite Maggie, but do no damage.
Maggie is almost dead.
You closely miss Maggie.
Maggie is almost dead.
You hit Maggie but do no damage.
Maggie is almost dead.
You start to feel a little slower.
Maggie shouts, "Leave me alone!"
Maggie hits you with a +1 vorpal morningstar!
You hit Maggie. You bite Maggie, but do no damage.
Maggie is almost dead.
You hit Maggie but do no damage.
Maggie is almost dead.
Maggie points at you and mumbles some strange words.
The bolt of fire hits you!!
You die...
Your body disappears without a glow.

#......#
#......#
#......#
#......#
#......# ∆.
#.###### ..#
#.######...#
#.##?......#
#..'@@!..###
####..(..#
+.....+
#.....#
........
.#+#+##(# .
.( #.


You could see Maggie (mesmerising).

Vanquished Creatures
  3 phantoms
  An ogre (D:5)
  A centaur (D:5)
  A big kobold (D:5)
  A bullfrog (D:5)
  3 hounds
  An orc priest (D:4)
  2 iguanas
  3 worker ants (D:4)
  A hound skeleton (D:4)
  A howler monkey zombie (D:5)
  A worker ant zombie (D:2)
  8 adders
  2 shadow imps
  3 dart slugs
  2 leopard geckos
  8 orcs
  2 ball pythons
  9 bats
  6 giant cockroaches
  19 goblins
  9 hobgoblins
  7 jackals
  16 kobolds
  8 frilled lizards
  A giant cockroach zombie (D:4)
  A jackal skeleton (D:4)
  4 rats
  A butterfly (D:5)
125 creatures vanquished.

Notes
Turn   | Place    | Note
-------+----------+-------------------------------------------
     0 | D:1      | promet the Gnoll Air Elementalist began the quest for the
                  | Orb.
     0 | D:1      | Reached XP level 1. HP: 13/13 MP: 6/6
   409 | D:1      | Reached XP level 2. HP: 10/19 MP: 2/7
  1176 | D:1      | Reached XP level 3. HP: 25/25 MP: 6/9
  1216 | D:1      | Reached skill level 5 in Spellcasting
  1437 | D:1      | Reached skill level 1 in Invocations
  1612 | D:2      | Learned a level 2 spell: Swiftness
  1794 | D:2      | Reached skill level 1 in Fighting
  1794 | D:2      | Reached skill level 1 in Short Blades
  1794 | D:2      | Reached skill level 1 in Long Blades
  1794 | D:2      | Reached skill level 1 in Axes
  1794 | D:2      | Reached skill level 1 in Maces & Flails
  1794 | D:2      | Reached skill level 1 in Polearms
  1794 | D:2      | Reached skill level 1 in Staves
  1794 | D:2      | Reached skill level 1 in Slings
  1794 | D:2      | Reached skill level 1 in Bows
  1794 | D:2      | Reached skill level 1 in Crossbows
  1794 | D:2      | Reached skill level 1 in Throwing
  1794 | D:2      | Reached skill level 1 in Armour
  1794 | D:2      | Reached skill level 1 in Shields
  1794 | D:2      | Reached skill level 1 in Unarmed Combat
  1794 | D:2      | Reached skill level 1 in Evocations
  1870 | D:2      | Noticed Robin
  1885 | D:2      | Reached XP level 4. HP: 25/32 MP: 8/11
  2325 | D:2      | Gained mutation: You are dopey. (Int -2) [potion of
                  | mutation]
  2325 | D:2      | Gained mutation: Scrolls take you a little longer to read.
                  | [potion of mutation]
  2325 | D:2      | Lost mutation: You are dopey. (Int -2) [potion of mutation]
  2452 | D:2      | Reached skill level 1 in Hexes
  2452 | D:2      | Reached skill level 1 in Summonings
  2452 | D:2      | Reached skill level 1 in Necromancy
  2452 | D:2      | Reached skill level 1 in Translocations
  2452 | D:2      | Reached skill level 1 in Transmutations
  2452 | D:2      | Reached skill level 1 in Fire Magic
  2452 | D:2      | Reached skill level 1 in Ice Magic
  2452 | D:2      | Reached skill level 1 in Earth Magic
  2452 | D:2      | Reached skill level 1 in Poison Magic
  2866 | D:3      | Reached XP level 5. HP: 24/37 MP: 2/12
  3657 | D:4      | Noticed a phantom
  3694 | D:4      | Killed a phantom
  3695 | D:4      | Reached XP level 6. HP: 40/44 MP: 5/14
  3758 | D:4      | Learned a level 3 spell: Static Discharge
  3767 | D:4      | Reached skill level 5 in Dodging
  4041 | D:4      | Found Voj Baac's General Store.
  4049 | D:4      | Bought a potion of curing for 36 gold pieces
  4049 | D:4      | Bought a potion of heal wounds for 60 gold pieces
  4646 | D:4      | Reached XP level 7. HP: 50/50 MP: 15/15
  5196 | D:5      | Entered Level 5 of the Dungeon
  5309 | D:5      | Found a basalt altar of Yredelemnul.
  5577 | D:5      | Reached skill level 5 in Stealth
  5941 | D:5      | Reached skill level 6 in Air Magic
  5941 | D:5      | Reached XP level 8. HP: 57/57 MP: 6/16
  5946 | D:5      | Learned a level 4 spell: Airstrike
  6141 | D:5      | Found a staircase to the Ecumenical Temple.
  6177 | Temple   | Entered the Ecumenical Temple
  6194 | Temple   | Became a worshipper of Nemelex Xobeh the Trickster
  6636 | D:5      | Found a large runed translucent door.
  6637 | D:5      | Found a large runed translucent door.
  6639 | D:5      | Noticed axecop's ghost (weakling NaDe)
  6741 | D:6      | Noticed Maggie
  6772 | D:6      | Killed from afar by Maggie

Illustrated notes

Levels and vault maps discovered:
D:1:      dpeg_arrival_morbid_curiosity, layout_basic
D:2:      layout_basic, palyth_stone_intersect, uniq_robin
D:3:      layout_loops_cross
D:4:      minmay_chambers_of_threes, layout_basic, serial_shops, shop,
          gup_sewer_entry_bowl, hangedman_decor_diamond_cutter
D:5:      layout_cave_pools, minmay_temple_entry_butterflies, basic_altar,
          ebering_ghost_disaster_area
D:6:      layout_basic, grunt_temple_overflow_open, uniq_maggie
Temple:   eino_narrow_crystal_temple

Skill      XL: |  1  2  3  4  5  6  7  8 |
---------------+-------------------------+-----
Conjurations   | 2 3 |  3.3
Spellcasting   | 5 |  5.9
Invocations    | 1 2 3 |  3.4
Fighting       | 1 2 3 |  3.1
Short Blades   | 1 2 3 |  3.1
Long Blades    | 1 2 3 |  3.1
Axes           | 1 2 3 |  3.1
Maces & Flails | 1 2 3 |  3.1
Polearms       | 1 2 3 |  3.1
Staves         | 1 2 3 |  3.1
Slings         | 1 2 3 |  3.1
Bows           | 1 2 3 |  3.1
Crossbows      | 1 2 3 |  3.1
Throwing       | 1 2 3 |  3.1
Armour         | 1 2 3 |  3.1
Shields        | 1 2 3 |  3.1
Unarmed Combat | 1 2 3 |  3.1
Evocations     | 1 2 3 |  3.1
Hexes          | 1 2 |  2.5
Summonings     | 1 2 |  2.5
Necromancy     | 1 2 |  2.5
Translocations | 1 2 |  2.5
Transmutations | 1 2 |  2.5
Fire Magic     | 1 2 |  2.5
Ice Magic      | 1 2 |  2.5
Earth Magic    | 1 2 |  2.5
Poison Magic   | 1 2 |  2.5
Dodging        | 5 |  5.6
Stealth        | 5 |  5.2
Air Magic      | 6 |  6.0

Action                   |  1- 3 |  4- 6 |  7- 9 || total
-------------------------+-------+-------+-------++-------
Melee: Unarmed           |     9 |       |       ||     9
       Short sword       |    15 |    17 |       ||    32
       Bite              |       |     7 |    15 ||    22
       Dagger            |       |    36 |    86 ||   122
       Staff             |       |    10 |       ||    10
       Punch             |       |     1 |     2 ||     3
 Fire: Hunting sling     |       |     2 |       ||     2
       Shortbow          |       |       |     7 ||     7
Throw: Dart              |       |     2 |     2 ||     4
 Cast: Shock             |    51 |   100 |    71 ||   222
       Static Discharge  |       |     2 |    11 ||    13
       Swiftness         |       |     2 |     3 ||     5
       Airstrike         |       |       |     1 ||     1
Evoke: Wand              |       |     6 |       ||     6
  Use: Scroll            |     8 |     5 |     3 ||    16
       Potion            |       |     5 |     3 ||     8
 Stab: Sleeping          |     1 |     6 |     1 ||     8
Armor: Robe              |     8 |     8 |     7 ||    23
Dodge: Dodged            |    37 |    40 |    53 ||   130
